Map: Arctic Dream LE

Players

qqq

  • Race: Protoss Protoss
  • League: Platinum
  • Spawn Location: 11:00

Massa

  • Race: Terran Terran
  • League: Gold
  • Spawn Location: 12:00

Toine

  • Race: Protoss Protoss
  • League: Platinum
  • Spawn Location: 6:00

Joukov

  • Race: Zerg Zerg
  • League: Platinum
  • Spawn Location: 5:00

VOD

Have the link to the VOD?

Description

Time

  • Played on: May 31, 2020, 3:40 p.m.
  • Length: 1:06
Show
View Real Time Build Order
Export as new Build Order

qqq Protoss 

Build Orders:  

Get SALT Encoding   

  12  0:01  Probe  
  13  0:15  Pylon  
  13  0:18  Probe  
  14  0:33  Forge  
  14  0:36  Probe  
  15  0:48  Probe  
Show
View Real Time Build Order
Export as new Build Order

Massa Terran 

Build Orders:  

Get SALT Encoding   

  12  0:11  Supply Depot  
  12  0:13  SCV  
  13  0:25  SCV  
  14  0:34  Barracks  
  14  0:37  SCV  
  15  0:49  SCV, Supply Depot  
Show
View Real Time Build Order
Export as new Build Order

Toine Protoss 

Build Orders:  

Get SALT Encoding   

  12  0:01  Probe  
  13  0:14  Probe  
  14  0:18  Pylon  
  14  0:26  Probe  
  15  0:38  Gateway  
  15  0:43  Probe  
  17  1:01  Pylon  
  17  1:04  Assimilator  
Show
View Real Time Build Order
Export as new Build Order

Joukov Zerg 

Build Orders:  

Get SALT Encoding   

  12  0:01  Drone  
  13  0:13  Overlord  
  13  0:17  Drone  
  14  0:32  Drone x2  
  16  0:36  Drone  
  17  0:55  Hatchery  
Tags
 
Add a new tag
Caveats
  • Supply blocks, unpowered buildings, or Contaminate may cause inaccurate times.
  • Supply counts are checked every 10 seconds.